Map: Habitation Station LE (Void)

Players

Zanster

  • Race: Zerg Zerg
  • Spawn Location: 1:00

Scarlett - Winner!

  • Race: Zerg Zerg
  • Spawn Location: 11:00

Event: NationWars IV

VOD

Have the link to the VOD?

Description

Time

  • Played on: Jan. 4, 2017, 1:37 p.m.
  • Length: 24:44

All games in this series

Show
View Real Time Build Order
Export as new Build Order

Zanster Zerg 

Build Orders: Pool First 

Get SALT Encoding   

  12  0:00  Drone  
  13  0:13  Overlord  
  13  0:17  Drone  
  14  0:32  Drone x2  
  17  0:35  Drone  
  17  0:45  Spawning Pool  
  17  0:47  Drone  
  17  0:57  Drone  
  18  1:02  Extractor  
  17  1:08  Drone  
  18  1:17  Hatchery  
  17  1:21  Drone  
  18  1:29  Drone  
  18  1:32  Queen  
  21  1:40  Zergling x2  
  22  1:50  Overlord  
  22  2:08  Queen  
  22  2:11  Zergling x2  
  22  2:13  Metabolic Boost  
  25  2:16  Drone  
  26  2:23  Drone  
  28  2:30  Drone  
  28  2:33  Drone  
  28  2:34  Baneling Nest  
  28  2:40  Zergling x2  
  28  2:42  Drone  
  28  2:43  Drone  
  28  2:44  Drone  
  32  2:56  Hatchery  
  32  2:57  Drone  
  32  3:02  Overlord  
  32  3:06  Drone  
  32  3:12  Drone  
  34  3:13  Drone  
  34  3:18  Roach Warren, Drone  
  35  3:21  Drone x2  
  35  3:23  Drone  
  35  3:26  Drone  
  39  3:29  Drone  
  39  3:30  Drone  
  39  3:33  Overlord  
  41  3:37  Drone  
  41  3:40  Overlord  
  42  3:47  Evolution Chamber  
  40  3:50  Extractor  
  40  3:53  Drone x4  
  43  3:57  Overlord  
  43  4:01  Extractor, Lair  
  42  4:06  Roach  
  42  4:08  Roach  
  46  4:13  Roach  
  46  4:14  Roach  
  50  4:24  Drone x3  
  50  4:26  Roach  
  50  4:27  Extractor  
  50  4:28  Overlord, Spine Crawler  
  53  4:33  Roach x2  
  53  4:36  Roach  
  59  4:38  Overlord  
  59  4:44  Roach  
  61  4:47  Roach  
  61  4:48  Overlord  
  61  4:49  Roach  
  61  4:52  Roach  
  67  4:58  Queen  
  68  5:01  Roach x2  
  68  5:03  Overlord  
  68  5:06  Roach  
  74  5:10  Drone x2  
  74  5:12  Drone  
  74  5:13  Drone  
  78  5:16  Zerg Missile Weapons Level 1  
  78  5:20  Drone x2  
  78  5:24  Drone  
  78  5:25  Drone  
  80  5:32  Glial Reconstitution  
  80  5:36  Drone x4  
  80  5:38  Drone  
  80  5:39  Drone  
  80  5:41  Drone  
  87  5:43  Overlord  
  87  5:47  Roach  
  87  5:48  Roach  
  90  5:51  Overseer  
  89  5:57  Drone x2  
  89  5:58  Roach, Drone x2  
  89  6:03  Roach  
  101  6:04  Roach x2  
  101  6:09  Overlord  
  99  6:11  Roach x2  
  99  6:18  Roach x2  
  105  6:20  Overlord  
  105  6:23  Extractor  
  105  6:25  Roach  
  106  6:26  Overlord  
  108  6:32  Roach  
  108  6:33  Roach x3  
  108  6:34  Overlord  
  108  6:39  Roach x3  
  120  6:45  Drone x3  
  120  6:46  Drone  
  124  6:54  Roach  
  124  6:55  Roach x3  
  124  6:56  Ravager x2  
  124  7:01  Ravager x3  
  137  7:04  Overlord x2  
  137  7:05  Overlord  
  137  7:09  Overlord  
  137  7:20  Overlord  
  137  7:25  Roach x5  
  146  7:32  Ravager x2  
  146  7:33  Ravager x3  
  146  7:36  Roach  
  153  7:40  Roach x2  
  153  7:42  Drone x4  
  161  7:47  Roach  
  163  7:56  Roach x4  
  171  8:02  Roach  
  171  8:03  Roach  
  161  8:21  Roach x9  
  171  8:29  Overlord  
  171  8:32  Roach x4  
  167  8:43  Burrow  
  167  8:45  Roach x5  
  177  9:00  Overseer  
  177  9:02  Overlord x2  
  177  9:06  Hatchery  
  177  9:08  Overlord  
  159  9:16  Roach x10  
  175  9:23  Ravager  
  171  9:26  Drone  
  171  9:27  Drone  
  171  9:28  Extractor  
  164  9:33  Roach  
  164  9:34  Roach  
  164  9:39  Roach x2  
  164  9:41  Zerg Missile Weapons Level 2  
  164  9:44  Roach  
  170  9:46  Queen  
  170  9:51  Roach  
  170  9:52  Roach  
  174  9:59  Roach  
  180  10:00  Roach x5  
  184  10:13  Roach x4  
  180  10:23  Roach x4  
  158  10:39  Roach x5  
  122  10:46  Queen  
  122  10:48  Roach x3  
  105  10:50  Roach  
  105  10:52  Roach  
  105  10:54  Roach x6  
  105  10:55  Ravager x3  
  105  10:56  Tunneling Claws  
  104  10:57  Roach  
  104  10:58  Roach  
  108  11:09  Roach  
  108  11:10  Roach x3  
  116  11:14  Roach  
  116  11:15  Roach x4  
  116  11:17  Drone  
  116  11:18  Drone  
  128  11:19  Drone  
  128  11:21  Drone  
  130  11:29  Roach  
  130  11:30  Unknown, Roach x2  
  136  11:38  Roach x5  
  146  11:50  Roach x6  
  158  11:58  Roach x4  
  158  12:00  Ravager x5  
  171  12:06  Unknown  
  171  12:08  Unknown, Roach x4  
  179  12:14  Roach x2  
  179  12:15  Roach  
  185  12:16  Roach  
  187  12:24  Roach  
  187  12:25  Roach x3  
  187  12:29  Roach x2  
  199  12:31  Ravager  
  200  12:46  Hatchery  
  200  12:47  Roach x19  
  199  12:54  Hydralisk Den  
  199  12:56  Roach  
  176  13:18  Roach  
  176  13:19  Roach x15  
  188  13:24  Roach x3  
  188  13:26  Roach  
  172  13:32  Roach x3  
  165  13:36  Roach  
  165  13:39  Roach x2  
  153  13:41  Roach  
  153  13:44  Ravager  
  153  13:45  Ravager x3  
  153  13:46  Ravager x2  
  159  13:51  Roach x2  
  163  13:56  Roach x2  
  163  14:00  Roach x3  
  173  14:09  Roach  
  181  14:10  Roach x11  
  181  14:20  Roach x5  
  191  14:25  Zerg Ground Armor Level 1  
  191  14:38  Roach x5  
  195  14:41  Unknown  
  195  14:42  Unknown  
  193  14:47  Roach x5  
  179  14:59  Roach  
  153  15:00  Roach x5  
  153  15:03  Roach x2  
  139  15:09  Ravager  
  139  15:12  Roach x3  
  141  15:17  Ravager x4  
  141  15:18  Unknown x14, Roach x5  
  141  15:20  Unknown x2, Ravager  
  143  15:28  Roach x4  
  151  15:34  Roach x3  
  159  15:43  Roach x5  
  159  15:48  Overseer  
  159  15:49  Overseer  
  167  15:53  Roach  
  167  15:54  Roach  
  171  16:02  Drone x7  
  171  16:03  Roach x14  
  178  16:04  Spine Crawler  
  178  16:05  Drone  
  178  16:07  Spine Crawler  
  178  16:09  Roach x5  
  178  16:10  Roach x3  
  183  16:16  Overlord  
  183  16:17  Overseer  
  183  16:24  Roach x4  
  178  16:32  Overseer  
  173  16:35  Drone x5  
  173  16:36  Drone x2  
  179  16:43  Drone  
  179  16:46  Ravager  
  181  16:47  Lurker Den  
  181  16:49  Roach x3  
  181  17:02  Hatchery  
  181  17:05  Roach x5  
  186  17:11  Roach x11  
  184  17:17  Unknown x2  
  184  17:19  Roach  
  184  17:20  Roach x6  
  198  17:24  Ravager x2  
  198  17:27  Roach x8  
  198  17:29  Overlord  
  198  17:37  Extractor  
  198  17:41  Roach x4  
  198  17:42  Roach x4  
  195  17:52  Roach x3  
  195  17:54  Roach x3, Hydralisk x3  
  195  17:58  Extractor  
  192  18:04  Hydralisk  
  192  18:05  Hydralisk  
  196  18:06  Extractor  
  196  18:09  Extractor  
  194  18:19  Hatchery  
  189  18:25  Hydralisk x2  
  189  18:32  Drone  
  189  18:33  Spine Crawler, Drone x3  
  187  18:34  Spine Crawler  
  187  18:39  Roach x5  
  192  18:48  Unknown x2  
  192  18:49  Unknown x4  
  190  18:56  Roach x7  
  190  19:01  Lurker x2  
  174  19:12  Roach x3  
  174  19:13  Roach x3  
  165  19:17  Roach x8  
  165  19:21  Roach  
  165  19:22  Roach x9  
  180  19:32  Lurker  
  180  19:34  Roach  
  169  19:42  Roach  
  169  19:43  Roach x3  
  171  19:54  Roach x4  
  175  20:06  Lurker  
  175  20:08  Roach x7  
  175  20:09  Roach x2  
  171  20:18  Roach x6  
  179  20:31  Hatchery  
  170  20:43  Ravager x3  
  170  20:45  Unknown  
  170  20:46  Unknown x3  
  170  20:49  Hydralisk x2  
  173  20:55  Hatchery  
  161  21:01  Roach  
  161  21:10  Hydralisk  
  147  21:13  Drone  
  147  21:16  Roach x6  
  147  21:17  Roach x4  
  148  21:20  Roach, Overseer  
  148  21:29  Lurker  
  148  21:30  Ravager x2  
  151  21:35  Roach  
  151  21:36  Ravager  
  130  21:58  Roach x4  
  116  22:03  Overseer  
  109  22:13  Ravager x4  
  113  22:18  Roach  
  113  22:19  Roach  
  117  22:27  Unknown  
  117  22:28  Unknown x8  
  113  22:43  Roach Warren  
  94  23:03  Roach x6  
  94  23:05  Drone x3  
  96  23:10  Spawning Pool  
  96  23:12  Hydralisk  
  98  23:24  Roach x4  
  96  23:27  Roach x3  
  103  23:41  Roach x4  
  97  23:54  Overlord x2  
  94  24:04  Hatchery  
  93  24:15  Roach x2  
  97  24:17  Ravager  
Show
View Real Time Build Order
Export as new Build Order

Scarlett Zerg - Winner!

Build Orders: Pool First 

Get SALT Encoding   

  12  0:00  Drone  
  13  0:12  Overlord  
  13  0:17  Drone  
  14  0:31  Drone x2  
  16  0:36  Drone  
  17  0:44  Spawning Pool  
  17  0:47  Drone  
  17  0:56  Drone  
  18  1:11  Hatchery  
  17  1:13  Extractor  
  17  1:15  Drone  
  17  1:31  Zergling x2, Queen  
  17  1:32  Zergling x2  
  21  1:42  Overlord  
  21  1:52  Drone  
  22  2:05  Drone  
  22  2:06  Queen  
  25  2:14  Drone  
  26  2:24  Drone  
  26  2:27  Drone  
  26  2:28  Queen  
  30  2:33  Drone  
  30  2:36  Drone  
  32  2:39  Overlord  
  32  2:40  Drone x2  
  34  2:54  Lair  
  34  2:56  Overlord, Drone  
  34  2:57  Drone  
  36  3:02  Evolution Chamber  
  35  3:06  Roach Warren  
  35  3:11  Drone  
  35  3:12  Drone  
  36  3:17  Drone x2  
  38  3:22  Drone  
  38  3:23  Drone x2  
  41  3:28  Zerg Missile Weapons Level 1  
  41  3:35  Drone x3  
  42  3:42  Extractor x2  
  40  3:50  Drone x8  
  40  3:54  Glial Reconstitution  
  48  3:57  Overlord  
  48  4:02  Roach  
  50  4:03  Roach  
  52  4:12  Overlord  
  52  4:19  Roach x3  
  52  4:24  Roach, Overlord x2  
  60  4:39  Hatchery  
  60  4:41  Roach x3  
  65  4:50  Drone x4  
  69  4:53  Extractor  
  69  4:59  Roach x4  
  76  5:04  Ravager x2  
  76  5:07  Roach x2  
  82  5:10  Overlord  
  82  5:20  Roach  
  84  5:22  Overlord x2  
  84  5:26  Overlord  
  84  5:32  Roach x4  
  92  5:36  Zerg Missile Weapons Level 2  
  92  5:44  Roach x2  
  96  5:51  Roach  
  96  5:52  Roach  
  96  5:56  Ravager  
  96  5:57  Roach  
  103  6:10  Roach x5  
  113  6:15  Overlord  
  113  6:23  Ravager x2  
  115  6:27  Roach x3  
  121  6:34  Roach  
  121  6:35  Roach x2  
  121  6:37  Overlord x2  
  127  6:40  Extractor  
  127  6:46  Roach x2  
  130  6:53  Overlord  
  130  6:54  Overlord x2  
  130  7:01  Overlord  
  130  7:03  Roach, Ravager x2  
  130  7:04  Roach x2  
  130  7:07  Roach x3  
  142  7:20  Roach x6  
  154  7:25  Roach x2  
  158  7:31  Overlord  
  158  7:32  Overlord  
  158  7:35  Overlord  
  158  7:40  Overseer  
  158  7:41  Roach x2  
  162  7:49  Roach  
  162  7:50  Roach x2  
  168  7:56  Roach x2  
  172  8:07  Roach  
  172  8:08  Roach x4  
  166  8:20  Drone x8  
  166  8:26  Overlord  
  168  8:38  Drone x6  
  168  8:59  Roach x5  
  168  9:13  Roach x5  
  174  9:24  Queen x2  
  169  9:26  Zerg Ground Armor Level 1  
  169  9:29  Drone x4  
  177  9:43  Roach  
  177  9:44  Roach x3  
  183  10:03  Roach x8  
  199  10:09  Ravager  
  192  10:22  Roach x4  
  151  10:41  Roach  
  151  10:42  Roach x12  
  127  10:56  Ravager x7  
  130  10:58  Roach x3  
  130  11:00  Hatchery  
  135  11:14  Burrow  
  135  11:17  Extractor, Drone x3  
  135  11:18  Drone x3  
  139  11:19  Drone x3  
  139  11:20  Drone x4  
  147  11:28  Roach x5  
  147  11:29  Overseer  
  157  11:52  Roach  
  157  11:53  Roach x14  
  187  12:04  Roach  
  187  12:05  Roach x2  
  193  12:16  Roach  
  193  12:17  Roach x2  
  199  12:28  Ravager  
  200  12:43  Pneumatized Carapace  
  200  12:44  Overseer x2  
  200  12:48  Overseer  
  200  12:55  Spine Crawler x2  
  200  12:57  Spine Crawler  
  197  12:59  Roach  
  197  13:04  Overseer  
  154  13:26  Roach x10  
  154  13:27  Roach x4  
  162  13:31  Roach  
  162  13:32  Roach x5  
  160  13:41  Roach x10  
  148  13:48  Roach x5  
  170  13:57  Extractor  
  170  13:58  Extractor, Spine Crawler  
  170  14:00  Tunneling Claws  
  170  14:01  Zerg Ground Armor Level 2  
  167  14:03  Roach x6  
  179  14:11  Hydralisk Den  
  178  14:18  Overseer  
  178  14:20  Roach  
  178  14:21  Roach x7  
  195  14:38  Drone x5  
  195  14:39  Drone  
  151  15:00  Roach x11  
  151  15:01  Roach  
  167  15:08  Roach x4  
  167  15:09  Roach x2  
  179  15:25  Lurker Den  
  179  15:26  Spine Crawler  
  178  15:45  Hydralisk x8  
  194  15:57  Ravager x6  
  200  15:59  Roach x5  
  200  16:00  Roach x4  
  200  16:01  Spine Crawler  
  200  16:02  Spine Crawler  
  198  16:19  Hatchery  
  198  16:57  Drone  
  198  16:59  Muscular Augments  
  198  17:00  Lurker x2  
  198  18:03  Lurker x2  
  200  18:12  Extractor  
  196  18:21  Hatchery  
  196  18:27  Hydralisk x2  
  195  18:29  Extractor  
  198  18:41  Drone  
  198  18:42  Drone  
  185  19:17  Hydralisk  
  185  19:18  Hydralisk x7  
  196  19:26  Hydralisk x2  
  192  19:53  Lurker  
  192  19:54  Lurker x5  
  198  20:06  Infestation Pit  
  184  20:29  Spine Crawler  
  184  20:34  Lurker x2  
  184  20:35  Hydralisk  
  184  20:36  Hydralisk x7  
  184  20:38  Hydralisk x5  
  200  20:43  Roach x15  
  188  21:10  Hive  
  181  21:30  Roach x3  
  181  21:31  Overlord x3  
  184  21:44  Hydralisk  
  153  22:11  Hydralisk x15  
  153  22:14  Hydralisk  
  153  22:15  Hydralisk x7  
  197  22:16  Roach Warren  
  196  22:26  Hydralisk x2  
  196  22:28  Roach x11  
  189  22:45  Drone x3  
  179  22:52  Overseer  
  179  22:56  Drone x8  
  179  22:57  Drone x4  
  173  23:10  Viper x4  
  185  23:13  Viper x2  
  191  23:34  Lurker x6  
  191  23:35  Lurker x2  
  191  23:39  Spine Crawler x2  
  188  23:41  Spine Crawler  
  187  23:58  Roach x6  
Tags
 
Add a new tag
Caveats
  • Supply blocks, unpowered buildings, or Contaminate may cause inaccurate times.
  • Supply counts are checked every 10 seconds.